 Dungeon Crawl Stone Soup version 0.21-a0-1-gaf3b9a5 (webtiles) character file.

214 turnburgler the Sneak (level 5, -11/40 HPs)
             Began as a Mummy Assassin on May 20, 2017.
             Killed from afar by Ijyb (16 damage)
             ... with a wand of lightning (?/15)
             ... on level 4 of the Dungeon.
             The game lasted 00:25:59 (3885 turns).

turnburgler the Sneak (Mummy Assassin)              Turns: 3885, Time: 00:26:00

Health: -11/40     AC:  8    Str: 15    XL:     5   Next: 59%
Magic:  8/8        EV: 11    Int: 10    God:
Gold:   209        SH:  0    Dex: 14    Spells: 4/8 levels left

rFire    . . .     SeeInvis .   i - +1 short sword (vamp)
rCold    + . .     Gourm    .   (no shield)
rNeg     + + +     Faith    .   o - +0 ring mail
rPois    ∞         Spirit   .   (no helmet)
rElec    .         Reflect  .   d - +0 cloak
rCorr    .         Harm     .   p - +1 pair of gloves
MR       .....                  (no boots)
Stlth    ++........             (no amulet)
Regen    0.2/turn               l - ring of protection from fire
MPRegen  0.2/turn               (no ring)

@: no status effects
A: no food or potions, fire vulnerability, cold resistance 1, negative energy
resistance 3, torment resistance, unbreathing
a: no special abilities


You were on level 4 of the Dungeon.
You were not hungry.

You visited 1 branch of the dungeon, and saw 4 of its levels.

You collected 209 gold pieces.

Inventory:

Hand Weapons
 a - a +2 dagger
 b - a +0 blowgun
 i - a +1 vampiric short sword (weapon)
 s - a cursed -2 whip
Missiles
 e - 8 poisoned needles
 f - a curare-tipped needle
 j - a throwing net
 m - 6 silver tomahawks (quivered)
 q - 29 bolts
 t - 19 arrows
Armour
 d - a +0 cloak (worn)
 o - a +0 ring mail (worn)
 p - a +1 pair of gloves (worn)
Jewellery
 l - a ring of protection from fire (left hand)
Scrolls
 h - a scroll of remove curse
Books
 k - a book of Frost

   Spells                             Type                      Level
   a - Freeze                         Ice                          1
   b - Throw Frost                    Conjuration/Ice              2
   c - Ozocubu's Armour               Charms/Ice                   3
   d - Throw Icicle                   Conjuration/Ice              4
   e - Summon Ice Beast               Ice/Summoning                4
Comestibles
 c - 3 bread rations
 g - 8 fruits
 n - a royal jelly


   Skills:
 + Level 2.8 Fighting
 - Level 2.5 Short Blades
 + Level 1.5 Throwing
 + Level 1.9 Armour
 - Level 2.0 Dodging
 - Level 3.2 Stealth
 - Level 2.1 Spellcasting
 * Level 0.5 Summonings
 * Level 0.7 Ice Magic


You had 4 spell levels left.
You knew the following spells:

 Your Spells              Type           Power        Failure   Level  Hunger
a - Summon Ice Beast      Ice/Summ       #.......     99%         4    N/A

Dungeon Overview and Level Annotations

Branches:
Dungeon (4/15)
 Temple: D:4-7

Altars:
Nemelex Xobeh

Annotations:
D:4 Ijyb, Robin


Innate Abilities, Weirdness & Mutations

You do not eat or drink.
Your flesh is vulnerable to fire.
You are immune to poison.
Your flesh is cold resistant. (rC+)
You are immune to negative energy. (rN+++)
You are immune to unholy pain and torment.
You can survive without breathing.


Message History

The silver tomahawk hits Ijyb but does no damage.
You hit Ijyb but do no damage. Ijyb hits you but does no damage.
You hit Ijyb but do no damage. Ijyb hits you but does no damage.
You hit Ijyb but do no damage.
Ijyb zaps a wand.
The bolt of lightning hits you!
Ouch! That really hurt!
You closely miss Ijyb. Ijyb hits you with a dagger.
You hit Ijyb but do no damage. Ijyb hits you but does no damage.
You hit Ijyb.
You feel better.
Ijyb is lightly wounded.
Ijyb hits you but does no damage.
You completely miss Ijyb.
Ijyb is lightly wounded.
Ijyb closely misses you.
You closely miss Ijyb.
Ijyb is lightly wounded.
Ijyb zaps a wand.
The bolt of lightning hits you!
* * * LOW HITPOINT WARNING * * *
Ijyb zaps a wand.
The bolt of lightning hits you!
You die...

######.#.######.
.................
#######.#.######
#.#.########
#...........
###.######## #.#
######.##########
...........@.g...##
#####################(.#
.......# ##(# ######.#
#.# ######.# #..
(..(...# ##.# .......#
.# .......# .#
...g...########## g.


You could see Ijyb.

Vanquished Creatures
  A centaur skeleton (D:4)
  An orc priest (D:4)
  A howler monkey zombie (D:3)
  3 adders
  3 worms (D:2)
  4 dart slugs
  4 leopard geckos
  4 orcs
  2 ball pythons
  6 bats
  6 giant cockroaches
  15 goblins
  14 hobgoblins
  4 jackals
  2 quokkas (D:3)
  5 frilled lizards
  7 kobolds
  8 rats
90 creatures vanquished.

Vanquished Creatures (others)
  A quokka skeleton (D:4)
1 creature vanquished.

Grand Total: 91 creatures vanquished

Notes
Turn   | Place    | Note
-------+----------+-------------------------------------------
     0 | D:1      | turnburgler the Mummy Assassin began the quest for the Orb.
     0 | D:1      | Reached XP level 1. HP: 16/16 MP: 1/1
   107 | D:1      | Reached skill level 1 in Dodging
   417 | D:1      | Reached XP level 2. HP: 22/22 MP: 2/2
   614 | D:1      | Reached skill level 1 in Spellcasting
   903 | D:1      | Reached XP level 3. HP: 27/27 MP: 5/5
  1353 | D:2      | Reached skill level 1 in Armour
  1842 | D:2      | Reached XP level 4. HP: 33/33 MP: 6/6
  2062 | D:2      | Noticed a two-headed ogre
  2794 | D:3      | Found a sparkling altar of Nemelex Xobeh.
  3336 | D:4      | Reached XP level 5. HP: 38/39 MP: 8/8
  3471 | D:4      | Learned a level 4 spell: Summon Ice Beast
  3534 | D:4      | Noticed Robin
  3865 | D:4      | Noticed Ijyb
  3885 | D:4      | Killed from afar by Ijyb

Vault maps used:
D:1:      denvon_arrival_planthouse, solitary_fountain, serial_bayou_pond_b
D:2:      first_bread
D:3:      nemelex_xobeh_ov_fountains_minmay
D:4:      lemuel_round_altar, lemuel_temple_firewalk_b,
          hangedman_feature_mirror, elyvilon_altar_3, uniq_ijyb, uniq_robin

Skill      XL: |  1  2  3  4 |
---------------+-------------+-----
Dodging        | 1 2 |  2.0
Spellcasting   | 1 2 |  2.1
Short Blades   | 2 |  2.5
Armour         | 1 |  1.9
Fighting       | |  2.8
Throwing       | |  1.5
Stealth        | |  3.2
Summonings     | |  0.5
Ice Magic      | |  0.7

Action                   |  1- 3 |  4- 6 || total
-------------------------+-------+-------++-------
Melee: Dagger            |    22 |       ||    22
       Short sword       |   176 |   202 ||   378
 Fire: Blowgun           |       |     9 ||     9
Throw: Tomahawk          |       |     2 ||     2
  Use: Scroll            |     3 |     4 ||     7
 Stab: Sleeping          |     2 |     2 ||     4
Armor: Ring mail         |    63 |   104 ||   167
Dodge: Dodged            |   121 |   146 ||   267
